AoeStats
← Msp

African Clearing

504299807Analyzed
4v4 RM · 29d ago on Sep 4, 2026· 48m 36s· 8 players
Game mode
Random Map
Map size
Large (8 player)
Population
200
Speed
Normal
Resources
Standard
Victory
Conquest
Starting age
Dark Age
Ending age
Imperial Age
RankedLock teamsTeams togetherTeam positionsShared explorationLock speedFull tech treeHidden civsTurbo modeCheats
Victory
Defeat
🇦🇺 Portuguese · Australia
1864
+9
🇩🇪 Spanish · Germany
1763
+14
🇫🇷 Ethiopians · France
1759
+14
🇧🇷 Berbers · Brazil
1758
+14
🇫🇷 Shu · France
1831
-17
🇫🇷 Bohemians · France
1807
-16
🇲🇦 Slavs · Morocco
1734
-13
🇫🇷 Tatars · France
1480
-5
0653599
13:11 Feudal Age
14:04 Loom
14:40 Double-Bit Axe
18:11 Castle Age
16:45 Scale Barding Armor
16:47 Horse Collar
19:12 Bow Saw
20:35 Husbandry
26:03 Bloodlines
28:14 Chain Barding Armor
34:05 Ballistics
34:39 Forging
37:32 Imperial Age
36:52 Iron Casting
37:15 Heavy Plow
37:27 Treadmill Crane
37:35 Cavalier
39:01 Plate Barding Armor
42:55 Wheelbarrow
44:50 Blast Furnace
46:29 Conscription
46:20 Gold Mining
47:13 Devotion
Jan Itor
10:20 Loom
12:29 Feudal Age
16:48 Castle Age
14:54 Double-Bit Axe
15:26 Town Watch
18:00 Bow Saw
21:37 Redemption
24:13 Inquisition
25:25 Atonement
27:46 Husbandry
30:10 Devotion
35:34 Imperial Age
34:32 Gold Mining
36:35 Block Printing
37:22 Heresy
38:48 Illumination
40:23 Theocracy
41:41 Sanctity
43:05 Faith
45:33 Fervor
47:30 Wheelbarrow
47:29 Conscription
47:18 Horse Collar
AOKI_ViDa_
11:35 Loom
13:29 Feudal Age
17:24 Castle Age
15:12 Double-Bit Axe
17:22 Gold Mining
18:20 Bow Saw
23:58 Scale Mail Armor
25:05 Forging
27:29 Chain Mail Armor
29:23 Iron Casting
29:43 Horse Collar
34:39 Wheelbarrow
36:27 Hand Cart
37:38 Gold Shaft Mining
38:40 Fletching
44:40 Imperial Age
41:59 Town Watch
43:59 Stone Mining
44:58 Elite Shotel Warrior
46:00 Conscription
46:26 Plate Mail Armor
46:57 Blast Furnace
48:17 Royal Heirs
48:42 Bodkin Arrow
Mr Diniz
7:39 Loom
11:36 Feudal Age
13:21 Double-Bit Axe
15:42 Padded Archer Armor
15:33 Fletching
21:36 Wheelbarrow
22:13 Town Watch
25:00 Castle Age
23:26 Gold Mining
23:56 Bloodlines
24:38 Scale Barding Armor
24:26 Horse Collar
26:08 Chain Barding Armor
37:02 Forging
38:45 Bow Saw
42:34 Heavy Plow
43:40 Hand Cart
43:58 Stone Mining
46:00 Husbandry
45:53 Light Cavalry
49:25 Iron Casting
Beauvéro
8:03 Loom
12:15 Feudal Age
15:19 Fletching
16:51 Double-Bit Axe
21:08 Castle Age
20:47 Horse Collar
20:58 Gold Mining
21:53 Bodkin Arrow
21:19 Crossbowman
24:26 Wheelbarrow
28:15 Bow Saw
30:53 Padded Archer Armor
36:14 Ballistics
36:11 Leather Archer Armor
41:06 Gold Shaft Mining
44:27 Imperial Age
44:36 Arbalester
45:17 Bracer
46:55 Chemistry
Kiddo
7:58 Loom
12:51 Feudal Age
16:40 Castle Age
15:16 Double-Bit Axe
23:21 Atonement
25:24 Fervor
26:03 Redemption
28:44 Sanctity
34:53 Imperial Age
33:59 Heresy
35:04 Town Watch
36:07 Block Printing
36:20 Illumination
42:19 Theocracy
Skrillll
14:04 Feudal Age
15:02 Loom
18:07 Castle Age
16:38 Double-Bit Axe
18:57 Fishing Lines
19:43 Scale Barding Armor
26:14 Bloodlines
27:48 Chain Barding Armor
32:12 Wheelbarrow
36:58 Husbandry
37:30 Light Cavalry
37:31 Light Cavalry
40:58 Gold Mining
41:35 Fletching
48:17 Forging
Msp
5:19 Loom
14:01 Feudal Age
18:01 Castle Age
16:42 Double-Bit Axe
16:56 Fletching
18:54 Bodkin Arrow
19:11 Gold Mining
26:42 Crossbowman
30:59 Ballistics
33:37 Wheelbarrow
35:07 Padded Archer Armor
35:24 Pikeman
40:42 Stone Mining
41:27 Gold Shaft Mining
41:28 Scale Mail Armor
43:02 Bow Saw
47:15 Forging
46:57 Horse Collar
48:49 Squires
Connection lost

Rejoining the realm…

Still unreachable

The connection could not be restored.

Session expired

The server has moved on; the page needs a fresh start.